 Dungeon Crawl Stone Soup version 0.25.0-1-g7eea58d2a3 (webtiles) character file.

Game seed: 11023314591467966041

1600918 inmateoo the Merfolkian Porcupine (level 27, 273/273 HPs)
             Began as a Merfolk Gladiator on June 13, 2020.
             Was a Follower of Uskayaw.
             Escaped with the Orb
             ... and 3 runes!
             The game lasted 02:40:33 (91960 turns).

inmateoo the Merfolkian Porcupine (MfGl)           Turns: 91960, Time: 02:40:34

Health: 273/273    AC: 45    Str: 30      XL:     27
Magic:  36/36      EV: 32    Int:  9 (10) God:    Uskayaw [*.....]
Gold:   6149       SH: 22    Dex: 25      Spells: 26/26 levels left

rFire    + + .     SeeInvis .   j - +9 demon trident (protect)
rCold    + + +     Gourm    .   l - +3 kite shield
rNeg     + . .     Faith    .   Q - +12 gold dragon scales
rPois    +         Spirit   .   (helmet restricted)
rElec    +         Reflect  .   r - +1 cloak of Starlight {rElec rC+ EV+4 Stlth--}
rCorr    .         Harm     .   P - +2 pair of gloves {Str+3}
MR       +++++     Rnd*Rage +   R - +3 pair of boots of the Quahog {rF+ Str+4 Dex+5}
Stlth    ..........             m - amulet "Enylecw" {MR+ Regen+}
HPRegen  0.95/turn              i - ring of positive energy
MPRegen  0.25/turn              X - ring "Sabeol Habi" {rC+ MR+ Dex+3}

@: no status effects
A: change form in water, swift swim, stealthy swim, beak, berserk 1, magic
resistance 2, robust 1, subdued magic 3
0: Orb of Zot
}: 3/15 runes: decaying, serpentine, silver
a: Stomp, Renounce Religion


You escaped.
You worshipped Uskayaw.
Uskayaw was most pleased with you.
You were very full.

You visited 11 branches of the dungeon, and saw 53 of its levels.
You visited 1 bazaar.
You also visited: Trove, Sewer, Gauntlet, Ice Cave, Wizlab and Desolation.

You collected 10229 gold pieces.
You spent 4080 gold pieces at shops.

Inventory:

Hand Weapons
 j - a +9 demon trident of protection (weapon)
Missiles
 d - 7 throwing nets (quivered)
Armour
 l - a +3 kite shield (worn)
 r - the +1 cloak of Starlight (worn) {rElec rC+ EV+4 Stlth--}
   (You found it on level 1 of the Elven Halls)

   It affects your evasion (+4).
   It protects you from cold.
   It insulates you from electricity.
   It makes you much less stealthy.
 P - a +2 pair of gloves of strength (worn)
 Q - +12 gold dragon scales (worn)
 R - the +3 pair of boots of the Quahog (worn) {rF+ Str+4 Dex+5}
   (You found it in a Gauntlet)

   It affects your strength (+4).
   It affects your dexterity (+5).
   It protects you from fire.
 T - a +2 helmet
Jewellery
 i - a ring of positive energy (left hand)
 m - the amulet "Enylecw" (around neck) {MR+ Regen+}
   (You acquired it on level 1 of the Elven Halls)

   [amulet of regeneration]

   It affects your resistance to hostile enchantments.
   It increases your rate of regeneration.
 q - an uncursed ring of protection from magic
 s - an uncursed ring of ice
 t - an uncursed ring of see invisible
 v - the ring "Boygo" {rCorr Dex+4}
   (You found it on level 1 of the Swamp)

   [ring of resist corrosion]

   It affects your dexterity (+4).
   It provides partial protection from all sources of acid and corrosion.
 G - the ring of the Sky {rPois rF+ Str+5 Dex-2 Stlth-}
   (You took it off an imperial myrmidon in the Desolation of Salt)

   [ring of attention]

   It affects your strength (+5).
   It affects your dexterity (-2).
   It protects you from fire.
   It protects you from poison.
   It makes you less stealthy.
 X - the ring "Sabeol Habi" (right hand) {rC+ MR+ Dex+3}
   (You found it on level 4 of the Depths)

   [ring of protection from magic]

   It affects your dexterity (+3).
   It protects you from cold.
   It affects your resistance to hostile enchantments.
Wands
 c - a wand of polymorph (12)
 z - a wand of enslavement (9)
 A - a wand of acid (27)
 D - a wand of iceblast (58)
 L - a wand of paralysis (42)
 U - a wand of disintegration (98)
 V - a wand of digging (3)
 W - a wand of clouds (3)
Scrolls
 a - 10 scrolls of amnesia
 k - 28 scrolls of remove curse
 n - 2 scrolls of enchant weapon
 p - 4 scrolls of magic mapping
 y - 10 scrolls of teleportation
 B - 4 scrolls of blinking
 J - a scroll of holy word
 K - 10 scrolls of fog
 M - 7 scrolls of fear
 N - 43 scrolls of identify
Potions
 b - 10 potions of stabbing
 e - 30 potions of curing
 g - 6 potions of resistance
 o - 11 potions of flight
 u - 4 potions of haste
 w - 4 potions of invisibility
 x - 2 potions of cancellation
 C - 4 potions of berserk rage
 H - 7 potions of ambrosia
 I - 7 potions of might
 O - 3 potions of magic
 Y - a potion of brilliance
 Z - 6 potions of mutation
Miscellaneous
 E - a tin of tremorstones (3/3)
 F - a lightning rod (4/4)
Comestibles
 f - 35 rations


   Skills:
 O Level 27 Fighting
 O Level 27 Polearms
 - Level 2.0 Throwing
 - Level 19.0 Armour
 O Level 27 Dodging
 + Level 22.3 Shields
 * Level 18.0 Invocations


You had 26 spell levels left.
You didn't know any spells.
Your spell library contained the following spells:

 Spells                   Type           Power        Failure   Level  Hunger
 Animate Skeleton         Necr           N/A          98%         1    ##.....
 Apportation              Tloc           #.....       98%         1    ##.....
 Beastly Appendage        Tmut           #.....       98%         1    ##.....
 Corona                   Hex            #......      98%         1    ##.....
 Foxfire                  Conj/Fire      #...         98%         1    ##.....
 Freeze                   Ice            #...         98%         1    ##.....
 Magic Dart               Conj           #...         98%         1    ##.....
 Pain                     Necr           #...         98%         1    ##.....
 Sandblast                Erth           #.....       98%         1    ##.....
 Shock                    Conj/Air       #...         98%         1    ##.....
 Sting                    Tmut/Pois      #...         98%         1    ##.....
 Summon Butterflies       Summ           #.......     98%         1    ##.....
 Summon Small Mammal      Summ           #...         98%         1    ##.....
 Blink                    Tloc           N/A          99%         2    ###....
 Call Imp                 Summ           #.......     99%         2    ###....
 Ensorcelled Hibernation  Hex/Ice        #.....       99%         2    ###....
 Poisonous Vapours        Pois/Air       #.....       99%         2    ###....
 Searing Ray              Conj           #.....       99%         2    ###....
 Shroud of Golubria       Chrm/Tloc      #.....       99%         2    ###....
 Sticks to Snakes         Tmut           #.......     99%         2    ###....
 Sublimation of Blood     Necr           #.........   99%         2    ###....
 Swiftness                Chrm/Air       #.......     99%         2    ###....
 Call Canine Familiar     Summ           #.......     100%        3    ####...
 Confusing Touch          Hex            #.......     100%        3    ####...
 Conjure Flame            Conj/Fire      #.......     100%        3    ####...
 Dazzling Flash           Conj/Hex       #.....       100%        3    ####...
 Frozen Ramparts          Ice            #.....       100%        3    ####...
 Gell's Gravitas          Tloc           #.........   100%        3    ####...
 Ignite Poison            Fire/Tmut/Pois #.......     100%        3    ####...
 Inner Flame              Hex/Fire       #.......     100%        3    ####...
 Lesser Beckoning         Tloc           #.........   100%        3    ####...
 Mephitic Cloud           Conj/Pois/Air  #.......     100%        3    ####...
 Ozocubu's Armour         Chrm/Ice       #.......     100%        3    ####...
 Portal Projectile        Hex/Tloc       #.....       100%        3    ####...
 Spider Form              Tmut/Pois      #.........   100%        3    ####...
 Static Discharge         Conj/Air       #.......     100%        3    ####...
 Summon Guardian Golem    Hex/Summ       #.......     100%        3    ####...
 Teleport Other           Tloc           #.......     100%        3    ####...
 Tukima's Dance           Hex            #.......     100%        3    ####...
 Vampiric Draining        Necr           #.........   100%        3    ####...
 Airstrike                Air            #.........   100%        4    #####..
 Animate Dead             Necr           N/A          100%        4    #####..
 Cause Fear               Hex            #.........   100%        4    #####..
 Dispel Undead            Necr           #.......     100%        4    #####..
 Fulminant Prism          Conj/Hex       #.........   100%        4    #####..
 Hailstorm                Conj/Ice       #.......     100%        4    #####..
 Ice Form                 Ice/Tmut       #.......     100%        4    #####..
 Iskenderun's Mystic Bla  Conj/Tloc      #.......     100%        4    #####..
 Leda's Liquefaction      Hex/Erth       #.........   100%        4    #####..
 Olgreb's Toxic Radiance  Pois           #.......     100%        4    #####..
 Petrify                  Tmut/Erth      #.......     100%        4    #####..
 Sticky Flame             Conj/Fire      #.......     100%        4    #####..
 Summon Ice Beast         Ice/Summ       #.......     100%        4    #####..
 Summon Lightning Spire   Summ/Air       #.......     100%        4    #####..
 Agony                    Necr           #.......     100%        5    ######.
 Alistair's Intoxication  Tmut/Pois      #.......     100%        5    ######.
 Blade Hands              Tmut           #.........   100%        5    ######.
 Bolt of Magma            Conj/Fire/Erth #.........   100%        5    ######.
 Borgnjor's Vile Clutch   Necr/Erth      #.........   100%        5    ######.
 Excruciating Wounds      Chrm/Necr      #.........   100%        5    ######.
 Fireball                 Conj/Fire      #.........   100%        5    ######.
 Irradiate                Conj/Tmut      #.........   100%        5    ######.
 Iskenderun's Battlesphe  Conj/Chrm      #.......     100%        5    ######.
 Lightning Bolt           Conj/Air       #.........   100%        5    ######.
 Metabolic Englaciation   Hex/Ice        #.........   100%        5    ######.
 Silence                  Hex/Air        #.........   100%        5    ######.
 Summon Demon             Summ           #.........   100%        5    ######.
 Summon Mana Viper        Hex/Summ       #.......     100%        5    ######.
 Yara's Violent Unravell  Hex/Tmut       #.........   100%        5    ######.
 Freezing Cloud           Conj/Ice/Air   #.........   100%        6    #######
 Hydra Form               Tmut           #.........   100%        6    #######
 Invisibility             Hex            #.......     100%        6    #######
 Iron Shot                Conj/Erth      #.........   100%        6    #######
 Ozocubu's Refrigeration  Ice            #.........   100%        6    #######
 Simulacrum               Ice/Necr       #.........   100%        6    #######
 Starburst                Conj/Fire      #.........   100%        6    #######
 Statue Form              Tmut/Erth      #........    100%        6    #######
 Dragon Form              Tmut           #.........   100%        7    #######
 Haunt                    Necr/Summ      #.........   100%        7    #######
 Orb of Destruction       Conj           #.........   100%        7    #######
 Ring of Flames           Chrm/Fire      #.........   100%        7    #######
 Spellforged Servitor     Conj/Summ      #.........   100%        7    #######
 Summon Hydra             Summ           #.........   100%        7    #######
 Borgnjor's Revivificati  Necr           #.........   100%        8    #######
 Death's Door             Chrm/Necr      #.........   100%        8    #######
 Discord                  Hex            #.........   100%        8    #######
 Ignition                 Fire           #.........   100%        8    #######
 Infestation              Necr           #.........   100%        8    #######
 Necromutation            Tmut/Necr      #.........   100%        8    #######
 Dragon's Call            Summ           #.........   100%        9    #######
 Shatter                  Erth           #.........   100%        9    #######
 Passage of Golubria      Tloc           Unusable     N/A         4    N/A

Dungeon Overview and Level Annotations

Branches:
Dungeon (15/15)            Temple (1/1) D:5            Lair (6/6) D:8
  Swamp (4/4) Lair:4        Snake (4/4) Lair:4        Slime (0/5) Lair:5
    Orc (2/2) D:11            Elf (3/3) Orc:2        Vaults (5/5) D:13
  Crypt (3/3) Vaults:3       Tomb (0/3) Crypt:3      Depths (5/5) D:15
    Zot (5/5) Depths:5      Sewer (visited)           IceCv (visited)
 WizLab (visited)         Desolation (visited)      Gauntlet (visited)

Altars:
Ashenzari
Cheibriados
Dithmenos
Elyvilon
Fedhas
Gozag
Hepliaklqana
Kikubaaqudgha
Makhleb
Nemelex Xobeh
Okawaru
Qazlal
Ru
Sif Muna
Trog
Uskayaw
Vehumet
Wu Jian
Xom
Yredelemnul
Zin
The Shining One
Beogh

Shops:
D:5 *   D:9 }:   D:14 [   Orc:2 :?:*   Snake:4 =   Depths:1 **[(

Portals:
Hell: Depths:1 Depths:2 Depths:3 Depths:4 Depths:5
Abyss: Depths:1 Depths:4
Pandemonium: Depths:3 Depths:4
Ziggurat: Depths:2

Annotations:
Elf:2 6 runed translucent doors, exclusion: obsidian statue, Haogis's ghost, adept HuCj


Innate Abilities, Weirdness & Mutations

You revert to your normal form in water.
You are very nimble and swift while swimming.
You are very stealthy in the water. (Stealth+)
You have a beak for a mouth.
You tend to lose your temper in combat.
You are highly resistant to hostile enchantments. (MR++)
You are robust. (+10% HP)
Your spells are much easier to cast, but much less powerful.


Message History

The efreet is severely wounded.
The efreet gestures at you. The bolt of fire misses you.
You impale the efreet!!
You kill the efreet!
Your Invocations skill increases to level 18!
No target in view!
No target in view!
There is a stone staircase leading up here.
You climb upwards.
There is a stone staircase leading down here.
Evoke which item? (* to show all) (? for menu, Esc to quit)
Aiming: Dig
Press: ? - help, Shift-Dir - straight line A rock wall.
This square is covered in magical glow.
The rock shatters into small pieces.
Unknown command.
There is a staircase leading out of the dungeon here.
You have escaped!

..#.....##)#.#.....#.###
###........#.........#.#
##.....#..#.........#.########
#........##.#.....#.#........#
##.......###.........#........#
...##..### #.........#........#
##.......# #.#.....#.#........#
...#####.###.........#........#
)### #.##.....@....#........#
.# #.#.##############.#####
.#######..#### #.#
...........[.# #.#
.#.#.#.#.#.#.# #.#
.(...........# #.#
.#..)#.#.#.########### #.#
...#(()....##........# #.#
...#.#.#..###.....>.[# #.#


There were no monsters in sight!

Vanquished Creatures
  6 orbs of fire
  12 ancient liches
  A juggernaut (Depths:2)
  A pandemonium lord (D:10)
  the Lernaean hydra (Swamp:4)
  4 Killer Klowns
  Bai Suzhen (Swamp:4)
  2 curse toes
  5 caustic shrikes
  A golden dragon (shapeshifter) (Vaults:5)
  The ghost of Marixus the Executioner, an adept HOFi of Beogh (Vaults:3)
  Nikola (Swamp:1)
  13 golden dragons
  2 bone dragons
  A Brimstone Fiend (Zot:5)
  4 electric golems
  5 liches
  Jorgrun (D:12)
  A shard shrike skeleton (Crypt:2)
  A Hell Sentinel (D:13)
  Rupert (Lair:4)
  17 tentacled monstrosities
  28 Orb Guardians
  4 titans
  2 deep elf master archers (Elf:3)
  5 quicksilver dragons
  5 deep elf blademasters
  The ghost of pleonasm the Warrior, an adept OgBe of Trog (Swamp:3)
  9 sphinxes
  An ancient champion (Crypt:1)
  4 death cobs
  Kirke (Swamp:3)
  4 thorn hunters
  3 tengu reavers
  14 storm dragons
  12 shadow dragons
  7 draconian monks
  3 revenants
  9 nagarajas
  Roxanne (Swamp:4)
  2 daevas (Depths:1)
  17 fire giants
  15 vault wardens
  Aizul (Elf:2)
  The ghost of Bunnuime the Ruinous, an adept DECj of Sif Muna (Snake:1)
  5 ghost moths
  8 frost giants
  4 imperial myrmidons (Desolation)
  2 orc warlords
  5 iron dragons
  Louise (Depths:1)
  7 deep elf sorcerers
  3 draconian knights
  4 ghouls
  3 cacodemons (Zot:3)
  6 draconian scorchers
  9 draconian annihilators
  2 juggernaut zombies
  6 deep elf elementalists
  21 stone giants
  8 draconian shifters
  A reaper (Zot:1)
  3 entropy weavers
  A caustic shrike skeleton (Depths:4)
  15 ironheart preservers
  9 war gargoyles
  6 vampire knights
  16 very ugly things
  A spriggan defender (Depths:3)
  12 draconian stormcallers
  12 black draconians
  10 red draconians
  9 deep elf demonologists
  5 deep elf annihilators
  2 halazid warlocks (Desolation)
  18 green draconians
  11 yellow draconians
  A dire elephant (shapeshifter) (Depths:4)
  15 white draconians
  18 purple draconians
  2 large abominations
  16 ettins
  5 spark wasps
  A minotaur (Gauntlet)
  10 deep elf death magi
  A blizzard demon (Gauntlet)
  Josephine (D:15)
  4 jiangshi
  Erolcha (D:9)
  4 crystal guardians
  10 great orbs of eyes
  9 deep elf high priests
  7 ragged hierophants (Desolation)
  6 servants of whispers (Desolation)
  Fannar (Lair:1)
  10 fire dragons
  16 yaktaur captains
  Harold (D:7)
  12 peacekeepers (Desolation)
  13 ice dragons
  17 naga warriors
  The ghost of Pamiuf the Slicer, a journeyman KoSu of Ru (Lair:2)
  12 rakshasas
  21 hydras
  6 spriggan air magi
  29 vault guards
  2 shambling mangroves
  4 death knights
  2 ghost crabs
  Erica (D:9)
  18 centaur warriors
  15 ogre magi
  A merfolk avatar (Lair:6)
  42 two-headed ogres
  8 deep troll shamans
  9 anacondas
  A two-headed ogre (shapeshifter) (Vaults:5)
  A queen ant (Gauntlet)
  7 vampire magi
  5 death yaks (Lair:5)
  9 alligators
  7 tengu warriors
  2 anacondas (shapeshifter)
  A titan zombie (Crypt:1)
  17 naga sharpshooters
  4 orc high priests (Orc:2)
  Urug (Lair:5)
  19 dancing weapons
  10 deep troll earth magi
  9 spriggan berserkers
  Sonja (D:13)
  9 shock serpents
  A storm dragon zombie (Crypt:1)
  16 deep elf knights
  A soul eater (Crypt:1)
  8 hell knights
  A fire crab (shapeshifter) (Depths:4)
  A sixfirhy (Depths:3)
  2 spark wasp zombies (Depths:4)
  18 skeletal warriors
  2 iron trolls
  2 small abominations
  A golden dragon zombie (Crypt:3)
  A quicksilver dragon simulacrum (Crypt:1)
  2 shadow wraiths
  5 glowing orange brains
  A glowing orange brain (shapeshifter) (Depths:4)
  3 flayed ghosts
  5 salamander mystics
  3 spriggan druids
  7 wizards
  A ghost moth zombie (Crypt:1)
  3 unseen horrors
  11 naga ritualists
  13 swamp dragons
  A sea snake (Lair:6)
  28 deep elf archers
  27 deep trolls
  14 phantasmal warriors
  25 ironbrand convokers
  Pikel (D:3)
  3 harpies (shapeshifter)
  A wolf spider zombie (Crypt:1)
  An orb spider (shapeshifter) (Depths:4)
  12 orc knights
  4 orc sorcerers
  9 harpies
  13 mana vipers
  72 deep elf magi
  12 necromancers
  A wolf spider (Vaults:2)
  3 manticores
  A stone giant skeleton (Crypt:1)
  7 cyclopes
  48 ugly things
  A salamander (shapeshifter) (Depths:2)
  2 frost giant zombies
  20 salamanders
  5 elephants (Lair:6)
  2 fire giant skeletons
  33 moths of wrath
  14 vault sentinels
  A dire elephant zombie (Crypt:3)
  44 black mambas
  2 frost giant skeletons
  11 guardian serpents
  3 molten gargoyles (Desolation)
  Maurice (D:9)
  A spiny frog (shapeshifter) (Vaults:3)
  6 centaur zombies
  A smoke demon (Gauntlet)
  28 spiny frogs
  6 gargoyles
  31 naga magi
  A minotaur zombie (Gauntlet)
  2 ice statues (IceCv)
  Maggie (D:6)
  A catoblepas zombie (Crypt:2)
  A hellion (Zot:4)
  An emperor scorpion zombie (Crypt:1)
  50 yaktaurs
  A yaktaur (shapeshifter) (Depths:1)
  17 freezing wraiths
  2 kobold demonologists
  10 komodo dragons
  2 ice devils (Gauntlet)
  An efreet (D:2)
  A red draconian skeleton (Crypt:2)
  6 rime drakes
  A sea snake skeleton (Crypt:2)
  A hydra zombie (Crypt:3)
  A red devil (Gauntlet)
  6 tengu conjurers
  A wind drake (Lair:6)
  A spriggan skeleton (Depths:1)
  A jumping spider (shapeshifter) (Depths:4)
  2 meliai
  2 queen bees
  6 tyrant leeches
  8 trolls
  A slime creature (shapeshifter) (Vaults:5)
  A hydra skeleton (Crypt:3)
  A guardian serpent zombie (Crypt:1)
  A harpy zombie (Crypt:3)
  72 saltlings (Desolation)
  A polar bear (shapeshifter) (Elf:3)
  A dream sheep (shapeshifter) (Vaults:5)
  3 bog bodies
  34 hornets
  19 polar bears
  6 dream sheep (Lair:4)
  An ice dragon zombie (Crypt:3)
  A harpy skeleton (Crypt:1)
  68 slime creatures
  14 blink frogs
  A fire dragon zombie (Crypt:3)
  7 hippogriffs
  A frost giant simulacrum (Vaults:5)
  A guardian serpent skeleton (Crypt:1)
  A deep troll zombie (Depths:1)
  2 ettin zombies
  42 flying skulls
  4 air elementals
  3 shadows
  A centaur simulacrum (D:14)
  A yak (shapeshifter) (Depths:4)
  2 vampires (Vaults:3)
  A ynoxinul (D:10)
  A redback (shapeshifter) (Vaults:5)
  22 spriggans
  12 water elementals
  A black mamba zombie (Crypt:3)
  56 yaks
  6 wyverns
  13 wraiths
  4 basilisks
  2 fire elementals
  3 hogs (Swamp:3)
  A chaos spawn (D:11)
  9 hungry ghosts
  23 vampire mosquitoes
  17 swamp worms
  A steam dragon (D:10)
  A two-headed ogre zombie (D:11)
  13 wargs
  17 insubstantial wisps
  3 soldier ants (Gauntlet)
  40 nagas
  A soldier ant (shapeshifter) (Depths:3)
  A faun zombie (Crypt:2)
  A gelid demonspawn skeleton (Crypt:1)
  Duvessa (D:5)
  4 acid dragons
  A spiny frog zombie (Crypt:3)
  25 water moccasins
  Purgy (Sewer)
  3 hell hounds (D:11)
  4 ice beasts
  A floating eye (shapeshifter) (Vaults:5)
  A merfolk skeleton (Crypt:1)
  8 porcupines
  4 phantoms
  16 swamp drakes
  3 black bears
  5 necrophages
  An eye of draining (shapeshifter) (Elf:1)
  47 orc warriors
  A slave (D:4)
  37 ogres
  3 sky beasts
  11 boggarts
  25 centaurs
  27 wolves
  13 crocodiles
  6 big kobolds
  An elf zombie (D:8)
  16 bullfrogs
  Blork the orc (D:3)
  An earth elemental (Elf:2)
  3 human simulacra
  2 yaktaur skeletons (Depths:1)
  A gnoll sergeant (D:9)
  2 wyvern skeletons
  3 scorpions
  Dowan (D:6)
  3 troll zombies (D:11)
  19 wights
  41 killer bees
  4 howler monkeys
  An electric eel (Lair:6)
  10 crimson imps
  A bullfrog zombie (D:11)
  2 quasits
  2 human zombies
  33 orc priests
  6 hounds
  4 jellies
  2 human skeletons (D:8)
  4 centaur skeletons
  A demonspawn skeleton (Crypt:2)
  5 iguanas
  22 orc wizards
  8 worker ants
  5 hell rats (Lair:5)
  4 ogre zombies (D:11)
  A demigod zombie (Crypt:2)
  A naga skeleton (Crypt:3)
  An ogre skeleton (Crypt:1)
  A tengu skeleton (Crypt:2)
  2 hound zombies
  2 mummies (D:8)
  A worker ant zombie (D:7)
  10 adders
  14 gnolls
  2 river rats (D:6)
  3 shadow imps
  2 white imps
  An adder skeleton (D:9)
  2 worms (D:2)
  10 leopard geckos
  128 orcs
  3 ball pythons
  14 bats
  4 giant cockroaches
  A gnoll zombie (Crypt:1)
  7 goblins
  9 hobgoblins
  18 jackals
  34 kobolds
  4 quokkas
  8 frilled lizards
  A goblin skeleton (D:11)
  A goblin zombie (D:11)
  2 hobgoblin skeletons (D:11)
  4 hobgoblin zombies (D:11)
  3 orc skeletons
  15 orc zombies (D:11)
  A quokka skeleton (D:6)
  7 rats
  7 briar patches
  9 crawling corpses
  4 pillars of salt (Vaults:3)
2973 creatures vanquished.

Vanquished Creatures (others)
  A tentacled monstrosity (Swamp:2)
  An Ice Fiend (D:12)
  A draconian knight (Zot:3)
  A ghost moth (Zot:3)
  A deep elf elementalist (Vaults:5)
  A deep elf annihilator (Vaults:5)
  A deep elf high priest (Elf:2)
  An ogre mage (Vaults:4)
  A vampire mage (Depths:4)
  A shadow wraith (Vaults:1)
  2 deep elf magi (Elf:2)
  A tengu conjurer (Depths:2)
  A tyrant leech (Swamp:4)
  A saltling (Desolation)
  A vampire (Vaults:3)
  Eustachio (D:4)
  A swamp worm (Swamp:1)
  A naga (Snake:2)
  A killer bee (D:7)
  2 gnolls (D:7)
  A jackal (D:4)
  A block of ice (D:12)
  A briar patch (Swamp:3)
  4 fungi
  3 pillars of salt (Vaults:3)
  8 plants
  2 withered plants (Swamp:3)
42 creatures vanquished.

Grand Total: 3015 creatures vanquished

Notes
Turn   | Place    | Note
-------+----------+-------------------------------------------
     0 | D:1      | inmateoo the Merfolk Gladiator began the quest for the Orb.
     0 | D:1      | Reached XP level 1. HP: 16/16 MP: 1/1
   111 | D:1      | Reached XP level 2. HP: 22/23 MP: 2/2
   130 | D:1      | Reached skill level 5 in Polearms
   482 | D:1      | Reached XP level 3. HP: 28/28 MP: 3/3
  1098 | D:2      | Found a sacrificial altar of Ru.
  1224 | D:2      | Reached XP level 4. HP: 34/34 MP: 4/4
  1439 | D:2      | You fall into a shaft and drop 2 floors!
  1439 | D:4      | Noticed Pikel
  1439 | D:4      | Noticed a slave
  1439 | D:4      | Noticed a slave
  1439 | D:4      | Noticed a slave
  1439 | D:4      | Noticed a slave
  1439 | D:4      | Noticed Eustachio
  1846 | D:2      | Reached skill level 5 in Dodging
  1846 | D:2      | Reached XP level 5. HP: 39/41 MP: 5/5
  2671 | D:4      | Noticed Blork the orc
  2967 | D:3      | Killed Blork the orc
  2967 | D:3      | Reached XP level 6. HP: 48/48 MP: 6/6
  2976 | D:3      | Upgraded the game from 0.25.0 to 0.25.0-1-g7eea58d2a3
  3102 | D:4      | Killed a slave
  3124 | D:3      | Killed Pikel
  3124 | D:3      | Reached skill level 5 in Fighting
  3124 | D:3      | Reached XP level 7. HP: 34/56 MP: 7/7
  3487 | D:4      | Killed Eustachio
  3662 | D:4      | Reached XP level 8. HP: 50/62 MP: 8/8
  3750 | D:4      | Found an ancient bone altar of Kikubaaqudgha.
  3976 | D:5      | Entered Level 5 of the Dungeon
  3999 | D:5      | Reached skill level 10 in Polearms
  4363 | D:5      | Found a white marble altar of Elyvilon.
  4406 | D:5      | Found Gozag's Platinum Reserve.
  4409 | D:5      | Found an opulent altar of Gozag.
  4593 | D:5      | Found a staircase to the Ecumenical Temple.
  4715 | D:5      | Got an ancient leather armour
  4978 | Temple   | Entered the Ecumenical Temple
  5195 | Temple   | Became a worshipper of Uskayaw the Reveler
  5359 | D:6      | Noticed Duvessa
  5359 | D:6      | Noticed Dowan
  5363 | D:6      | Reached * piety under Uskayaw
  5366 | D:6      | Reached ** piety under Uskayaw
  5375 | D:6      | Killed Dowan
  5389 | D:5      | Killed Duvessa
  5567 | D:6      | Noticed Maggie
  5577 | D:6      | Reached *** piety under Uskayaw
  5579 | D:6      | Killed Maggie
  5579 | D:6      | Reached skill level 1 in Armour
  5581 | D:6      | Reached **** piety under Uskayaw
  5653 | D:6      | Found a burning altar of Makhleb.
  5666 | D:6      | Reached XP level 9. HP: 68/74 MP: 9/9
  5758 | D:6      | Found a glowing drain.
  5762 | Sewer    | Entered a sewer
  5804 | Sewer    | Noticed Purgy
  5824 | Sewer    | Killed Purgy
  5898 | Sewer    | Identified the +1 leather armour "Masm" {Dex+2} (You found
                  | it on level 5 of the Dungeon)
  6600 | D:6      | Found a shadowy altar of Dithmenos.
  6702 | D:7      | Reached skill level 1 in Invocations
  6874 | D:7      | Found a radiant altar of Vehumet.
  6936 | D:7      | Noticed Harold
  7033 | D:7      | Found a shimmering blue altar of Sif Muna.
  7082 | D:7      | Reached ***** piety under Uskayaw
  8373 | D:7      | Found a sparkling altar of Nemelex Xobeh.
  8374 | D:7      | Found an opulent altar of Gozag.
  8430 | D:7      | Killed Harold
  8430 | D:7      | Reached XP level 10. HP: 37/83 MP: 12/12
  9993 | D:8      | Found a staircase to the Lair.
 10002 | D:8      | Reached skill level 10 in Dodging
 10032 | D:8      | Reached skill level 10 in Fighting
 10047 | D:8      | Reached skill level 5 in Invocations
 10060 | D:8      | Found a basalt altar of Yredelemnul.
 10084 | D:8      | Noticed a cyclops
 10103 | D:8      | Killed a cyclops
 10401 | D:8      | Reached XP level 11. HP: 90/90 MP: 13/15
 10716 | D:9      | Noticed Erica
 10739 | D:9      | Killed Erica
 10867 | D:9      | Noticed a two-headed ogre
 10874 | D:9      | Killed a two-headed ogre
 11144 | D:9      | Found Miumm's Book Boutique.
 11146 | D:9      | Noticed a two-headed ogre
 11153 | D:9      | Killed a two-headed ogre
 11153 | D:9      | Reached skill level 5 in Armour
 11421 | D:9      | Reached skill level 15 in Polearms
 11774 | D:9      | Killed an unseen horror
 11826 | D:9      | Noticed Maurice
 11828 | D:9      | Noticed Erolcha
 11833 | D:9      | Killed Maurice
 11835 | D:9      | Killed Erolcha
 11928 | D:9      | Found Qipeck's Gadget Boutique.
 12146 | D:10     | Entered Level 10 of the Dungeon
 12263 | D:10     | Noticed a two-headed ogre
 12340 | D:10     | Noticed a two-headed ogre
 12344 | D:10     | Killed a two-headed ogre
 12344 | D:10     | Reached XP level 12. HP: 97/97 MP: 16/16
 12649 | D:10     | Killed a two-headed ogre
 12946 | D:10     | Paralysed by a hornet for 1 turns
 13336 | D:11     | Found a staircase to the Orcish Mines.
 15444 | D:13     | Noticed a centaur warrior
 16891 | D:13     | Killed a centaur warrior
 17198 | D:13     | Reached XP level 13. HP: 106/106 MP: 17/17
 17229 | D:13     | Noticed Jorgrun
 17828 | D:12     | Killed Jorgrun
 17964 | D:13     | Found a portal to a secret trove of treasure.
 17983 | D:13     | Found a gate to the Vaults.
 17983 | D:13     | Noticed Sonja
 17990 | D:13     | Killed Sonja
 19093 | Lair:1   | Entered Level 1 of the Lair of Beasts
 19665 | Lair:1   | Noticed Fannar
 19690 | Lair:1   | Killed Fannar
 20567 | Lair:2   | Found a gate leading to a gauntlet.
 20576 | Gauntlet | Entered a Gauntlet
 20576 | Gauntlet | Found a transporter.
 20583 | Gauntlet | Found a transporter.
 20585 | Gauntlet | Found a transporter.
 20596 | Gauntlet | Found a transporter.
 20604 | Gauntlet | Found a transporter.
 20623 | Gauntlet | Noticed a blizzard demon
 20626 | Gauntlet | Found a transporter.
 20636 | Gauntlet | Found a transporter.
 20643 | Gauntlet | Found a runed translucent gate.
 20643 | Gauntlet | Found a runed translucent gate.
 20643 | Gauntlet | Found a runed translucent gate.
 20645 | Gauntlet | Found a transporter.
 20649 | Gauntlet | Found a runed translucent door.
 20668 | Gauntlet | Found a transporter.
 20681 | Gauntlet | Found a transporter.
 20682 | Gauntlet | Found a transporter.
 20728 | Gauntlet | Found a transporter.
 20743 | Gauntlet | Found a transporter.
 20780 | Gauntlet | Found a transporter.
 21020 | Gauntlet | Killed a blizzard demon
 21039 | Gauntlet | Got a pair of distressingly furry boots
 21048 | Gauntlet | Identified the +3 pair of boots of the Quahog {rF+ Str+4
                  | Dex+5} (You found it in a Gauntlet)
 21105 | Gauntlet | Identified the ring of Light {+Fly rElec rN+ MR- Dex+2}
 21105 | Gauntlet | Noticed a minotaur
 21118 | Gauntlet | Killed a minotaur
 21314 | Lair:2   | Noticed Pamiuf's ghost (journeyman KoSu)
 21329 | Lair:2   | Found a transporter.
 21331 | Lair:2   | Found a transporter.
 21400 | Lair:2   | Reached XP level 14. HP: 116/116 MP: 18/18
 22705 | Lair:3   | Reached ****** piety under Uskayaw
 23601 | Lair:4   | Noticed Rupert
 23798 | Lair:4   | Killed Rupert
 23938 | Lair:4   | Found a staircase to the Swamp.
 24110 | Lair:4   | Found a staircase to the Snake Pit.
 24998 | Lair:5   | Noticed Urug
 25057 | Lair:5   | Killed Urug
 25673 | Lair:5   | Found a staircase to the Slime Pits.
 25876 | Lair:5   | Reached XP level 15. HP: 110/126 MP: 21/21
 26182 | Lair:6   | Entered Level 6 of the Lair of Beasts
 28550 | D:14     | Reached skill level 15 in Fighting
 28550 | D:14     | Reached skill level 15 in Dodging
 28570 | D:14     | Identified the Almanac of Augmentations
 28658 | D:14     | Found a frozen archway.
 28790 | IceCv    | Entered an ice cave
 29040 | IceCv    | Noticed a frost giant
 29056 | IceCv    | Killed a frost giant
 29625 | D:14     | Found a shimmering altar of Xom.
 29632 | D:14     | Found a shimmering altar of Xom.
 29632 | D:14     | Found a shimmering altar of Xom.
 29632 | D:14     | Found a shimmering altar of Xom.
 29632 | D:14     | Found a shimmering altar of Xom.
 29632 | D:14     | Found a shimmering altar of Xom.
 29639 | D:14     | Found a shimmering altar of Xom.
 29713 | D:14     | Found Xust's Armour Shoppe.
 29726 | D:14     | Reached skill level 10 in Invocations
 29950 | D:14     | Reached XP level 16. HP: 100/139 MP: 23/23
 30315 | D:15     | Entered Level 15 of the Dungeon
 31923 | D:15     | Noticed Josephine
 31935 | D:15     | Killed Josephine
 32196 | D:15     | Found a staircase to the Depths.
 32590 | Orc:1    | Entered Level 1 of the Orcish Mines
 33270 | Orc:2    | Entered Level 2 of the Orcish Mines
 33585 | Orc:2    | Found a roughly hewn altar of Beogh.
 33764 | Orc:2    | Found Jatogoz's General Store.
 33780 | Orc:2    | Bought a potion of heal wounds for 65 gold pieces
 33845 | Orc:2    | Found Apuf's Book Shop.
 34203 | Orc:2    | Identified the +2 buckler "Umieliebb" {Harm rF+ Str+2
                  | Int-5} (You found it on level 2 of the Orcish Mines)
 34471 | Orc:2    | Found a staircase to the Elven Halls.
 35281 | Orc:2    | Found a roughly hewn altar of Beogh.
 35318 | Orc:2    | Found Helosoku's Book Emporium.
 35794 | Orc:2    | Reached XP level 17. HP: 147/153 MP: 24/24
 35949 | Orc:2    | Found Myich's Magic Scroll Shoppe.
 36330 | Swamp:1  | Entered Level 1 of the Swamp
 36795 | Swamp:1  | Got a brightly glowing wooden ring
 37293 | Swamp:1  | Reached skill level 1 in Shields
 37621 | Swamp:1  | Noticed Nikola
 38196 | Swamp:1  | Killed Nikola
 38201 | Swamp:1  | Identified the ring "Boygo" {rCorr Dex+4} (You found it on
                  | level 1 of the Swamp)
 38554 | Swamp:2  | Noticed a tentacled monstrosity
 38566 | Swamp:2  | Killed a tentacled monstrosity
 41078 | Swamp:3  | Noticed Kirke
 41093 | Swamp:3  | Killed Kirke
 41522 | Swamp:3  | Found a runed translucent door.
 41523 | Swamp:3  | Noticed pleonasm's ghost (adept OgBe)
 41715 | Swamp:4  | Entered Level 4 of the Swamp
 41746 | Swamp:4  | Reached XP level 18. HP: 129/162 MP: 26/26
 41870 | Swamp:4  | Noticed Bai Suzhen
 41893 | Swamp:4  | Killed Bai Suzhen
 42012 | Swamp:4  | Identified Roxanne's Almanac of Shape Shifting
 42012 | Swamp:4  | Noticed Roxanne
 42973 | Swamp:4  | Noticed a tentacled monstrosity
 42984 | Swamp:4  | Killed a tentacled monstrosity
 43136 | Swamp:4  | Noticed the 27-headed Lernaean hydra
 43540 | Swamp:4  | Got a decaying rune of Zot
 43921 | Vaults:1 | Entered Level 1 of the Vaults
 46377 | Vaults:2 | Reached XP level 19. HP: 170/170 MP: 27/27
 48280 | Vaults:3 | Found a ruined gateway.
 48488 | Desolati | Entered the Desolation of Salt
 48505 | Desolati | Found the +10 dark maul {vorpal}
 48539 | Desolati | Identified the Almanac of the Earthen Glacier
 48544 | Desolati | Identified the Volume of Poisonous Enhancements
 48549 | Desolati | Identified the +3 chain mail "Fyzowk" {MP+9} (You found it
                  | in the Desolation of Salt)
 48561 | Desolati | Got a clouded pewter amulet
 48562 | Desolati | Identified the amulet "Houmit" {RegenMP Str+2 Int+4} (You
                  | found it in the Desolation of Salt)
 49407 | Desolati | Identified Vehumet's Handbook of Conjuration
 49417 | Desolati | Identified the ring of Butchery {Wiz +Blink}
 49435 | Desolati | Reached XP level 20. HP: 95/180 MP: 29/29
 49670 | Desolati | Identified the Volume of Evil Creation
 50470 | Desolati | Identified the ring of the Sky {rPois rF+ Str+5 Dex-2
                  | Stlth-}
 51311 | Desolati | Identified the Papyrus of Beguiling
 51702 | Desolati | Identified the +6 whip "Naggi" {drain, rPois Str+3 Int+3}
 51716 | Desolati | Reached skill level 10 in Armour
 52677 | Vaults:3 | Found a staircase to the Crypt.
 53530 | Vaults:3 | Reached XP level 21. HP: 125/190 MP: 31/31
 53772 | Vaults:3 | Found a runed translucent door.
 53772 | Vaults:3 | Noticed Marixus's ghost (adept HOFi)
 57159 | Depths:1 | Entered Level 1 of the Depths
 57160 | Depths:1 | Found a one-way gate to the infinite horrors of the Abyss.
 57160 | Depths:1 | Noticed Louise
 57168 | Depths:1 | Killed Louise
 57685 | Depths:1 | Reached XP level 22. HP: 151/202 MP: 32/32
 57981 | D:5      | Bought the ring "Lammacodo" {rF+ Int+3} for 3830 gold
                  | pieces
 58290 | D:13     | You paid a toll of the ring "Lammacodo" to enter a treasure
                  | trove
 58291 | Trove    | Entered a treasure trove
 58320 | Trove    | Got a warped brass ring
 58321 | Trove    | Identified the ring "Omnuir" {Int+6 Dex+3} (You found it in
                  | a treasure trove)
 58796 | Depths:1 | Found Xyqeecs's Weapon Boutique.
 58800 | Depths:1 | Found Etaeps's Antique Armour Shop.
 58801 | Depths:1 | Found Yguelo's Assorted Antiques.
 58943 | Depths:1 | Found a gateway to Hell.
 59154 | Depths:1 | You fall into a shaft and drop 1 floor!
 59155 | Depths:2 | You fall into a shaft and drop 2 floors!
 59155 | Depths:4 | Found a one-way gate leading to the halls of Pandemonium.
 59809 | Depths:4 | Reached skill level 15 in Invocations
 59811 | Depths:4 | Noticed a caustic shrike
 59833 | Depths:4 | Noticed a caustic shrike
 59840 | Depths:4 | Killed a caustic shrike
 60139 | Depths:4 | Noticed a caustic shrike
 60145 | Depths:4 | Noticed a golden dragon
 60154 | Depths:4 | Killed a caustic shrike
 60163 | Depths:4 | Killed a golden dragon
 60656 | Depths:4 | Noticed an ancient lich
 60678 | Depths:4 | Killed an ancient lich
 60960 | Depths:4 | Got a coiled bronze ring
 60968 | Depths:4 | Got a brightly glowing silver ring
 60970 | Depths:4 | Identified The Lost Grimoire of the Archmage
 60976 | Depths:4 | Identified a scroll of acquirement
 60978 | Depths:4 | Identified the ring "Cusyfu" {MR- AC+4 Int+2 SInv} (You
                  | found it on level 4 of the Depths)
 60980 | Depths:4 | Identified the ring "Sabeol Habi" {rC+ MR+ Dex+3} (You
                  | found it on level 4 of the Depths)
 62683 | Depths:4 | Reached XP level 23. HP: 205/209 MP: 34/34
 62704 | Depths:4 | Noticed a golden dragon
 62717 | Depths:4 | Killed a caustic shrike
 62728 | Depths:4 | Killed a golden dragon
 65075 | Depths:2 | Noticed a caustic shrike
 65806 | Depths:1 | Found Bubalo's Serpentskin Sales.
 66574 | Depths:2 | Identified the +5 dagger of Unag Bio {drain, Dex+4}
 66671 | Depths:2 | Noticed a caustic shrike
 66742 | Depths:1 | Killed a caustic shrike
 66859 | Depths:2 | Reached skill level 5 in Shields
 67092 | Depths:1 | Reached XP level 24. HP: 205/217 MP: 35/35
 67392 | Depths:2 | Killed a caustic shrike
 67531 | Depths:2 | Found a gateway to a ziggurat.
 68111 | Depths:2 | Noticed a juggernaut
 68151 | Depths:2 | Killed a juggernaut
 68500 | Depths:2 | Identified the Compendium of Unstable Summoning
 68938 | Orc:2    | Bought a scroll of identify for 20 gold pieces
 68938 | Orc:2    | Bought a scroll of identify for 20 gold pieces
 68938 | Orc:2    | Bought a scroll of teleportation for 30 gold pieces
 68938 | Orc:2    | Bought a scroll of identify for 20 gold pieces
 68938 | Orc:2    | Bought a scroll of identify for 20 gold pieces
 68938 | Orc:2    | Bought a scroll of enchant armour for 75 gold pieces
 68998 | Elf:1    | Entered Level 1 of the Elven Halls
 69039 | Elf:1    | Identified the Guide on Destructive Unholy Magic
 69140 | Elf:1    | Found a magical portal.
 69145 | WizLab   | Entered The Roulette of Golubria
 69145 | WizLab   | Found a transporter.
 69694 | Elf:1    | Found the +1 cloak of Starlight {rElec rC+ EV+4 Stlth--}
 70435 | Elf:1    | Got the amulet "Enylecw" {MR+ Regen+}
 70562 | Elf:2    | Noticed Aizul
 70590 | Elf:2    | Killed Aizul
 70622 | Elf:2    | Found a runed translucent gate.
 70623 | Elf:2    | Found a runed translucent gate.
 70623 | Elf:2    | Found an opulent altar of Gozag.
 70841 | Elf:2    | Found a runed translucent gate.
 70847 | Elf:2    | Noticed Haogis's ghost (adept HuCj)
 71262 | Elf:2    | Found a runed translucent gate.
 71262 | Elf:2    | Found a runed translucent gate.
 71263 | Elf:2    | Found a runed translucent gate.
 71507 | Elf:3    | Entered Level 3 of the Elven Halls
 71604 | Elf:3    | Reached skill level 15 in Armour
 71679 | Elf:3    | Identified the Reference Book on Necromancy
 71697 | Elf:3    | Found a flickering gateway to a bazaar.
 71724 | Bazaar   | Entered a bazaar
 71724 | Bazaar   | Found Ukidyric's Antique Weapon Boutique.
 71724 | Bazaar   | Found Hugroigh's Antique Weapon Emporium.
 71724 | Bazaar   | Found Tyudefol's Jewellery Emporium.
 71725 | Bazaar   | Found Qutwuly's Weapon Shoppe.
 71725 | Bazaar   | Found Daheli's Gadget Shoppe.
 71787 | Elf:3    | Found the cursed +13 scythe of Curses {drain, *Curse}
 72403 | Elf:3    | Reached XP level 25. HP: 223/223 MP: 35/35
 72845 | Elf:3    | Identified the Handbook of Enhancements and Execration
 73364 | Snake:1  | Entered Level 1 of the Snake Pit
 73552 | Snake:1  | Found a stormy altar of Qazlal.
 73805 | Snake:1  | Found a runed translucent gate.
 73806 | Snake:1  | Found a runed translucent gate.
 73806 | Snake:1  | Noticed Bunnuime's ghost (adept DECj)
 73812 | Snake:1  | Found a runed translucent gate.
 74374 | Snake:1  | Killed Bunnuime's ghost
 74427 | Snake:2  | Reached skill level 27 in Polearms
 74893 | Snake:2  | You fall into a shaft and drop 1 floor!
 75689 | Snake:4  | Entered Level 4 of the Snake Pit
 75866 | Snake:4  | Identified the cursed +0 glaive of Fear {freeze, rC++ Str+2
                  | Int+3}
 75925 | Snake:4  | Reached skill level 10 in Shields
 76029 | Snake:4  | Reached XP level 26. HP: 86/231 MP: 35/35
 76374 | Snake:4  | Got a serpentine rune of Zot
 76406 | Snake:4  | Found Peivus's Jewellery Shop.
 76464 | Snake:4  | Found a runed translucent door.
 77046 | Lair:2   | Killed Pamiuf's ghost
 77051 | Lair:2   | Paralysed by a hornet for 2 turns
 77249 | Swamp:3  | Killed pleonasm's ghost
 77577 | Swamp:4  | Killed Roxanne
 77684 | Swamp:4  | Killed the 27-headed Lernaean hydra
 78168 | Vaults:3 | Killed Marixus's ghost
 78172 | Vaults:3 | Identified the Almanac of Enhancements
 78296 | Crypt:1  | Entered Level 1 of the Crypt
 78690 | Crypt:1  | Identified Hiuvod's Reference Book on Displacement
 79827 | Crypt:3  | Entered Level 3 of the Crypt
 80725 | Crypt:3  | Found a basalt altar of Yredelemnul.
 80725 | Crypt:3  | Noticed an ancient lich
 80735 | Crypt:3  | Killed an ancient lich
 80758 | Crypt:3  | Reached XP level 27. HP: 225/240 MP: 35/35
 80773 | Crypt:3  | Found a staircase to the Tomb.
 81241 | Vaults:5 | Entered Level 5 of the Vaults
 82572 | Vaults:5 | Got a silver rune of Zot
 83449 | Vaults:5 | Found the +4 dagger "Morg" {pain, MR+ Int+5}
 83454 | Vaults:5 | Identified Fiathy's Handbook of the Blaze and Confrontation
 83900 | Depths:5 | Entered Level 5 of the Depths
 84091 | Depths:5 | Found a gate to the Realm of Zot.
 84396 | Depths:5 | Found the +8 arc blade {discharge, rElec}
 84697 | Zot:1    | Entered Level 1 of the Realm of Zot
 85938 | Zot:1    | Noticed an orb of fire
 85938 | Zot:1    | Gained mutation: You do not regenerate when monsters are
                  | visible. [an orb of fire]
 85953 | Zot:1    | Gained mutation: You tend to lose your temper in combat.
                  | [an orb of fire]
 85963 | Zot:1    | Killed an orb of fire
 86163 | Zot:1    | Lost mutation: You tend to lose your temper in combat.
                  | [potion of mutation]
 86163 | Zot:1    | Lost mutation: You do not regenerate when monsters are
                  | visible. [potion of mutation]
 86163 | Zot:1    | Gained mutation: You are dopey. (Int -2) [potion of
                  | mutation]
 86163 | Zot:1    | Gained mutation: You are very dopey. (Int -4) [potion of
                  | mutation]
 86163 | Zot:1    | Gained mutation: You have a pair of small horns on your
                  | head. [potion of mutation]
 87513 | Zot:3    | Reached skill level 27 in Fighting
 87788 | Zot:3    | Reached skill level 15 in Shields
 87949 | Zot:3    | Found a transporter.
 88164 | Zot:3    | Found a transporter.
 88270 | Zot:3    | Noticed an orb of fire
 88277 | Zot:3    | Noticed an orb of fire
 88277 | Zot:3    | Gained mutation: Your spells are a little easier to cast,
                  | but a little less powerful. [an orb of fire]
 88282 | Zot:3    | Gained mutation: Your magical capacity is low. (-10% MP)
                  | [an orb of fire]
 88284 | Zot:3    | Killed an orb of fire
 88368 | Zot:3    | Gained mutation: Your spells are easier to cast, but less
                  | powerful. [an orb of fire]
 88369 | Zot:3    | Gained mutation: You occasionally shout uncontrollably at
                  | your foes. [an orb of fire]
 88375 | Zot:3    | Gained mutation: Scrolls take you a little longer to read.
                  | [an orb of fire]
 88382 | Zot:3    | Killed an orb of fire
 88402 | Zot:3    | Lost mutation: You have a pair of small horns on your head.
                  | [potion of mutation]
 88402 | Zot:3    | Lost mutation: Your magical capacity is low. (-10% MP)
                  | [potion of mutation]
 88402 | Zot:3    | Lost mutation: Scrolls take you a little longer to read.
                  | [potion of mutation]
 88402 | Zot:3    | Gained mutation: Your body sometimes deteriorates upon
                  | taking damage. [potion of mutation]
 88402 | Zot:3    | Gained mutation: You have a beak for a mouth. [potion of
                  | mutation]
 88403 | Zot:3    | Lost mutation: You occasionally shout uncontrollably at
                  | your foes. [potion of mutation]
 88403 | Zot:3    | Lost mutation: You are very dopey. (Int -4) [potion of
                  | mutation]
 88403 | Zot:3    | Lost mutation: You are dopey. (Int -2) [potion of mutation]
 88403 | Zot:3    | Lost mutation: Your body sometimes deteriorates upon taking
                  | damage. [potion of mutation]
 88403 | Zot:3    | Gained mutation: You have a pair of small antennae on your
                  | head. [potion of mutation]
 88403 | Zot:3    | Gained mutation: You evolve. [potion of mutation]
 88403 | Zot:3    | Gained mutation: You are resistant to electric shocks.
                  | (rElec) [potion of mutation]
 88570 | Zot:3    | Identified the amulet of Autumn {Spirit Str+3} (You found
                  | it on level 3 of the Realm of Zot)
 88577 | Zot:3    | Got a twitching bronze amulet
 88578 | Zot:3    | Identified the amulet of Deufub {RegenMP rElec rPois Int-3
                  | Dex+8} (You found it on level 3 of the Realm of Zot)
 88626 | Zot:4    | Reached skill level 27 in Dodging
 89480 | Zot:5    | Entered Level 5 of the Realm of Zot
 90249 | Zot:5    | Noticed an ancient lich
 90270 | Zot:5    | Killed an ancient lich
 90293 | Zot:5    | Noticed an orb of fire
 90295 | Zot:5    | Noticed an ancient lich
 90295 | Zot:5    | Noticed an ancient lich
 90296 | Zot:5    | Noticed an ancient lich
 90300 | Zot:5    | Noticed an orb of fire
 90301 | Zot:5    | Noticed an ancient lich
 90304 | Zot:5    | Noticed an ancient lich
 90306 | Zot:5    | Gained mutation: You tend to lose your temper in combat.
                  | [an orb of fire]
 90310 | Zot:5    | Killed an ancient lich
 90311 | Zot:5    | Killed an orb of fire
 90314 | Zot:5    | Killed an ancient lich
 90315 | Zot:5    | Killed an orb of fire
 90320 | Zot:5    | Killed an ancient lich
 90351 | Zot:5    | Killed an ancient lich
 90357 | Zot:5    | Killed an ancient lich
 90644 | Zot:5    | Noticed an ancient lich
 90661 | Zot:5    | Killed an ancient lich
 90940 | Zot:5    | Noticed an ancient lich
 90942 | Zot:5    | Noticed an ancient lich
 90942 | Zot:5    | Noticed an orb of fire
 90944 | Zot:5    | Gained mutation: You do not regenerate when monsters are
                  | visible. [an orb of fire]
 90946 | Zot:5    | Gained mutation: You are agile. (Dex +2) [an orb of fire]
 90951 | Zot:5    | Lost mutation: You are agile. (Dex +2) [an orb of fire]
 90956 | Zot:5    | Gained mutation: Potions are less effective at restoring
                  | your health. [an orb of fire]
 90958 | Zot:5    | Gained mutation: You are frail. (-10% HP) [an orb of fire]
 90966 | Zot:5    | Gained mutation: Your flesh is heat resistant. (rF+) [an
                  | orb of fire]
 90970 | Zot:5    | Killed an orb of fire
 90973 | Zot:5    | Killed an ancient lich
 90978 | Zot:5    | Killed an ancient lich
 90988 | Zot:5    | Lost mutation: Potions are less effective at restoring your
                  | health. [potion of mutation]
 90988 | Zot:5    | Lost mutation: You are frail. (-10% HP) [potion of
                  | mutation]
 90988 | Zot:5    | Gained mutation: You are clumsy. (Dex -2) [potion of
                  | mutation]
 90988 | Zot:5    | Lost mutation: You tend to lose your temper in combat.
                  | [potion of mutation]
 90988 | Zot:5    | Gained mutation: You are partially covered in iridescent
                  | scales. (AC +2) [potion of mutation]
 90989 | Zot:5    | Lost mutation: You are clumsy. (Dex -2) [potion of
                  | mutation]
 90989 | Zot:5    | Lost mutation: You evolve. [potion of mutation]
 90989 | Zot:5    | Gained mutation: You are dopey. (Int -2) [potion of
                  | mutation]
 90989 | Zot:5    | Gained mutation: You are agile. (Dex +2) [potion of
                  | mutation]
 91010 | Zot:5    | Lost mutation: You are dopey. (Int -2) [potion of mutation]
 91010 | Zot:5    | Lost mutation: Your flesh is heat resistant. (rF+) [potion
                  | of mutation]
 91010 | Zot:5    | Lost mutation: You are resistant to electric shocks.
                  | (rElec) [potion of mutation]
 91010 | Zot:5    | Gained mutation: You are resistant to hostile enchantments.
                  | (MR+) [potion of mutation]
 91010 | Zot:5    | Gained mutation: You are highly resistant to hostile
                  | enchantments. (MR++) [potion of mutation]
 91011 | Zot:5    | Lost mutation: You are partially covered in iridescent
                  | scales. (AC +2) [potion of mutation]
 91011 | Zot:5    | Lost mutation: You have a pair of small antennae on your
                  | head. [potion of mutation]
 91011 | Zot:5    | Lost mutation: You do not regenerate when monsters are
                  | visible. [potion of mutation]
 91011 | Zot:5    | Lost mutation: You are agile. (Dex +2) [potion of mutation]
 91011 | Zot:5    | Gained mutation: You tend to lose your temper in combat.
                  | [potion of mutation]
 91011 | Zot:5    | Gained mutation: You are robust. (+10% HP) [potion of
                  | mutation]
 91159 | Zot:5    | Noticed an ancient lich
 91179 | Zot:5    | Killed an ancient lich
 91277 | Zot:5    | Got the Orb of Zot
 91688 | D:12     | Noticed Qut Go Omur the pandemonium lord
 91694 | D:12     | Gained mutation: Your spells are much easier to cast, but
                  | much less powerful. [a neqoxec]
 91762 | D:10     | Noticed Xanod the pandemonium lord
 91785 | D:10     | Killed Xanod the pandemonium lord
 91960 | D:$      | Escaped with the Orb!

Illustrated notes

Levels and vault maps discovered:
D:1:      lemuel_arrival_broad_hall, layout_rooms, hangedman_decor_riveting
D:2:      layout_loops_ring, nicolae_ru_sacrificial_ziggurat
D:3:      layout_basic
D:4:      layout_rooms, kennysheep_little_box, uniq_pikel, uniq_blork_the_orc,
          uniq_eustachio
D:5:      layout_layer_cave, minmay_temple_entry_enclosed_plants, basic_altar,
          first_ration, nicolae_gozag_zags_fifth_avenue
D:6:      layout_loops_corners, kennysheep_mini,
          nicolae_dithmenos_through_a_glass_darkly, gup_sewer_entry_bowl,
          uniq_duvessa, uniq_maggie
D:7:      layout_basic, grunt_temple_overflow_opulence,
          nicolae_overflow_crystal_walls, fiery_altar_vehumet, uniq_harold
D:8:      layout_cave_pools, lemuel_mausoleum_altar_yredelemnul,
          lair_entry_dummy, minmay_pinched_square
D:9:      minmay_tri_box, layout_irregular_city, serial_shops,
          nicolae_shop_statue_plus, shop, serial_glass, glass_columns_c,
          glass_columns_a, glass_columns_b, glass_columns_b, glass_columns_a,
          glass_columns_a, glass_columns_a, glass_columns_b,
          minmay_strange_pillars, minmay_strange_pillars,
          minmay_strange_pillars, minmay_strange_pillars, the_bakery,
          uniq_erica, uniq_maurice, uniq_erolcha
D:10:     layout_rooms
D:11:     layout_irregular_city, zombieorc2_lemuel, minmay_rotating_lava
D:12:     layout_layer_cave
D:13:     layout_cross, david_vaults_2, enter_trove_6, uniq_jorgrun, uniq_sonja
D:14:     layout_basic, portal_ice_cave_rime, serial_shops, shop,
          xom_redecorated, minmay_evil_grid
D:15:     grunt_enter_depths_snipers, layout_loops_ring,
          serial_co_window_serial, co_window_corner_a, co_window_paths_a,
          co_window_of_opportunity_a, co_window_paths_a, co_window_corner_a,
          co_window_paths_a, co_window_of_opportunity_a, co_window_paths_b,
          co_window_paths_a, co_window_unsneaky_path_b, co_window_corner_b,
          co_window_corner_cb, co_window_broadway_a, co_window_paths_c,
          co_window_corner_b, co_window_4corner_a, glass_columns_b,
          glass_columns_a, glass_columns_b, uniq_josephine
Temple:   oiseaux_autumnal_temple
Lair:1:   layout_roguey, grunt_megastairs_5, infiniplex_staircase_pool,
          uniq_fannar
Lair:2:   layout_small_grid, gauntlet_entry_generic, gammafunk_ghost_hive,
          beast_lair_carwin_2, serial_bayou_shore_b
Lair:3:   regret_index_combs_of_tragedy, layout_concentric_octagons,
          grunt_megastairs_2, lemuel_fruit_tree
Lair:4:   layout_hall_layers, swamp_mist_pool, minmay_snake_entry_six_corridors,
          hibernation_bobbens, uniq_rupert
Lair:5:   layout_cave_pods, dpeg_slime_entry_corner, grunt_megastairs_3,
          uniq_urug
Lair:6:   gammafunk_lair_ancient_temple, layout_gridlike
Swamp:1:  layout_basic_swamp, nicolae_swamp_fairy_circle, swamp_pool5,
          st_swamp_ruins_2, uniq_nikola
Swamp:2:  cheibrodos_swamp_heart_of_darkness, layout_falls_marsh,
          nicolae_swamp_trees_clearing
Swamp:3:  layout_falls_marsh, gammafunk_ghost_grave, hangedman_swamp_pad,
          swamp_pool3, uniq_kirke
Swamp:4:  swamp, layout_basic_swamp, uniq_roxanne, uniq_bai_suzhen
Snake:1:  nicolae_snake_nest, layout_gridlike, basic_altar,
          gammafunk_ghost_split, nicolae_snake_double_loop
Snake:2:  layout_onion, st_stairs_14
Snake:3:  layout_cave_town, nicolae_snake_serpentine_hallways,
          nrook_guardian_serpent_ordinary
Snake:4:  snake_pit, layout_onion, minmay_shop_enchanted_jewellery,
          lightli_airlock
Orc:1:    minmay_goldmine, layout_caves
Orc:2:    pubby_orc_utopia
Elf:1:    layout_loops_ring, infiniplex_enter_wizlab_spiral,
          kennysheep_underground_church, minmay_strange_pillars
Elf:2:    layout_gridlike, ebering_ghost_gozag,
          nicolae_elf_glass_and_crystal_pillar_2, guppyfry_library_mini,
          uniq_aizul
Elf:3:    minmay_elf_hall_not_hex, layout_loops_cross, serial_shops,
          bzr_entry_water, minmay_misc_feat_alley, minivault_4, st_stairs_10,
          minivault_26, minmay_misc_feat_ornament
Vaults:1: vaults_room_grunt_arrival_ludios, hangedman_vaults_maws,
          vaults_standard_mumra_x, st_octagons_1, nicolae_vaults_theta,
          hangedman_vaults_locks, layout_vaults_omnibox
Vaults:2: nicolae_vaults_circle_grid_b, ontoclasm_vaults_bender,
          ontoclasm_vaults_idyll, v_misc_9, hangedman_vaults_stagger,
          hangedman_vaults_corner_blocks, hangedman_vaults_impose,
          nicolae_vaults_twisting_passages, nicolae_vaults_little_squares_2,
          nicolae_vaults_shelves_hall, nicolae_vaults_mini_display_case,
          vaults_dpeg_ring, layout_vaults_omnicross
Vaults:3: gammafunk_vaults_ghost_grave, minmay_crypt_entry_vampire_xt,
          nicolae_vaults_sealed_display, v_misc_28, nicolae_vaults_minivaults,
          v_pattern_3, hangedman_vaults_corner_blocks,
          grunt_vaults_hallway_long, ontoclasm_vaults_eye,
          nicolae_vaults_little_ls, layout_vaults_chaotic_city,
          portal_desolation_entry_garden
Vaults:4: vaults_room_glass_cross, nicolae_vaults_rhombus_5,
          vaults_mumra_hexcomb, vaults_mumra_minichess, nicolae_vaults_asterisk,
          serial_ice_b, nicolae_vaults_gold_heap, layout_vaults_omnigrid,
          uniq_margery
Vaults:5: serial_shops
Crypt:1:  layout_misc_corridors
Crypt:2:  layout_chaotic_city
Crypt:3:  cryptofortress_bobbens
Depths:1: layout_gridlike, hangedman_tar_grid_catacomb,
          nicolae_abyss_entry_one_way_or_another, hangedman_decor_slide_cut,
          guppyfry_shop_venom, serial_bayou_shore_b, minmay_shop_star
Depths:2: minmay_heptahexagon, layout_cave_pools, enter_ziggurat_c,
          chequers_serial_rivers_marsh, hell_entry
Depths:3: minmay_bubble_buster, layout_basic, hangedman_decor_diamond_cutter,
          pan_entry, pf_dread_powers_of_hell, minmay_misc_feat_five
Depths:4: hangedman_pleasuredromes, hell_entry, abyss_entry, pan_entry
Depths:5: evilmike_zot_entry_argh, layout_cave_pools, hell_entry,
          minmay_misc_feat_diagonals, chequers_decorated_corner,
          chequers_serial_rivers_small_3, grunt_decor_one_mirror,
          serial_bayou_shore_b
Zot:1:    layout_onion_interference, hangedman_player_shredder
Zot:2:    layout_cathedral_of_symmetry, grunt_megastairs_4, lemuel_elevator
Zot:3:    gammafunk_dig_for_victory, layout_basic
Zot:4:    grunt_twist_and_shout, layout_concentric_octagons
Zot:5:    layout_gridlike

Skill      XL: |  1  2  3  4  5  6  7  8  9 10 11 12 13 14 15 16 17 18 19 20 21 22 23 24 25 26 27 |
---------------+----------------------------------------------------------------------------------+-----
Polearms       | 5 6 7 9 10 11 13 17 18 19 20 21 23 24 25 26 27 | 27.0
Fighting       | 3 5 8 9 10 11 12 14 16 19 20 21 22 24 27 | 27.0
Dodging        | 5 6 7 9 10 11 13 14 15 16 17 18 19 20 21 22 23 27 | 27.0
Armour         | 1 3 4 5 6 7 8 9 10 11 14 15 16 17 19 | 19.0
Invocations    | 3 5 6 8 10 11 13 14 15 16 17 18 | 18.0
Shields        | 3 4 5 7 10 11 22 | 22.3
Throwing       | |  2.0

Action                   |  1- 3 |  4- 6 |  7- 9 | 10-12 | 13-15 | 16-18 | 19-21 | 22-24 | 25-27 || total
-------------------------+-------+-------+-------+-------+-------+-------+-------+-------+-------++-------
Melee: Trident           |   128 |   187 |   495 |       |    29 |   163 |       |       |       ||  1002
       Tailslap          |       |       |     3 |       |     4 |    29 |       |       |     7 ||    43
       Glaive            |       |       |       |   760 |  1187 |  1681 |  1449 |     7 |       ||  5084
       Demon trident     |       |       |       |       |       |       |       |  1920 |  3885 ||  5805
       Peck              |       |       |       |       |       |       |       |       |   259 ||   259
       Headbutt          |       |       |       |       |       |       |       |       |   126 ||   126
Throw: Throwing net      |       |       |       |       |       |       |       |       |     1 ||     1
Invok: Stomp             |       |       |     3 |     1 |     3 |       |       |       |       ||     7
       Line Pass         |       |       |     2 |       |       |       |       |       |       ||     2
       Grand Finale      |       |       |       |       |       |       |     1 |     1 |     2 ||     4
Evoke: Wand              |       |       |       |     4 |     2 |       |     5 |     3 |     8 ||    22
       Tin of tremorston |       |       |       |     1 |       |       |       |     1 |       ||     2
  Use: Scroll            |     3 |     7 |     6 |    11 |    14 |     5 |     8 |    30 |    22 ||   106
       Potion            |       |       |     2 |       |     6 |     1 |     4 |     2 |    19 ||    34
 Stab: Paralysed         |       |       |     9 |    22 |    83 |   145 |   170 |   142 |   398 ||   969
       Confused          |       |       |     1 |       |       |       |       |       |     4 ||     5
       Invisible         |       |       |       |       |     2 |       |     2 |       |       ||     4
       Distracted        |       |       |       |       |     1 |     1 |     1 |     2 |     1 ||     6
       Held in net/web   |       |       |       |       |       |       |       |       |     3 ||     3
  Eat: Chunk             |     1 |     6 |    10 |    26 |    11 |    10 |     6 |     3 |     1 ||    74
       Ration            |       |       |     2 |     4 |     8 |    13 |    10 |    13 |    22 ||    72
Armor: Leather armour    |    22 |       |       |       |       |       |       |       |       ||    22
       Ring mail         |    16 |     5 |       |       |       |       |       |       |       ||    21
       Plate armour      |       |    77 |    52 |       |   264 |   558 |   360 |   103 |       ||  1414
       Chain mail        |       |       |   137 |   199 |    57 |       |       |       |       ||   393
       Swamp dragon scal |       |       |     6 |    16 |       |       |       |       |       ||    22
       Gold dragon scale |       |       |       |       |       |       |       |   405 |   838 ||  1243
Dodge: Dodged            |    82 |    63 |   230 |   406 |   597 |   868 |   699 |   711 |  1856 ||  5512
Block: Other             |       |       |       |    78 |   156 |   245 |   191 |     2 |       ||   672
       Reflection        |       |       |       |     6 |     5 |    15 |    19 |    58 |       ||   103
       Kite shield       |       |       |       |       |       |       |       |  1016 |  1979 ||  2995
